 Dungeon Crawl Stone Soup version 0.31-a0-1626-g5cb510d322 (webtiles) character file.

Game seed: 14856411578625107679

2173844 OrthodoxDeviant the Axe Maniac (level 26, 314/314 HPs)
             Began as a Demonspawn Berserker on Apr 21, 2023.
             Was an Elder of Trog.
             Escaped with the Orb
             ... and 4 runes on Jan 12, 2024!
             The game lasted 03:50:46 (77637 turns).

OrthodoxDeviant the Axe Maniac (DsBe)              Turns: 77637, Time: 03:50:47

Health: 314/314    AC: 40    Str: 35    XL:     26   Next: 59%
Magic:  23/23      EV: 18    Int:  9    God:    Trog [****..]
Gold:   2900       SH:  0    Dex: 11    Spells: 25/25 levels left

rFire   + + .        V - +9 executioner's axe (elec)
rCold   + + .        (shield currently unavailable)
rNeg    + + .        E - +8 gold dragon scales
rPois   +            (no helmet)
rElec   +            i - +4 dragonskin cloak
rCorr   +            (gloves unavailable)
SInv    +            x - +2 pair of boots of Calculation {rC++}
Will    ++...        W - amulet of Weocraf {Spirit rN+ Regen+ rCorr} Stlth
                     U - ring "Kuggam" {rF+ rN+ Will+ Int-2 SInv}
HPRegen 1.52/turn    c - ring of Dejyilod {Wiz rElec Str+4}
MPRegen 0.36/turn

%: random rage (3%), repel missiles, guardian spirit, wizardry (x1)
@: no status effects
A: repulsion field 3, demonic guardian 2, robust 3, magic shield, magic
regeneration, magic link, demonic touch 3, berserk 1, mutation resistance 1,
poison resistance, strong 1, no potion heal 1, cold vulnerability 1
0: Orb of Zot
}: 4/15 runes: decaying, serpentine, slimy, silver
a: Renounce Religion, Berserk, Trog's Hand, Brothers in Arms


You escaped.
You worshipped Trog.
Trog was greatly pleased with you.
You visited 11 branches of the dungeon, and saw 53 of its levels.
You visited 3 bazaars.
You also visited: Sewer, Bailey, Gauntlet and Ice Cave.

You collected 8522 gold pieces.
You spent 5622 gold pieces at shops.

Inventory:

Hand Weapons
 h - a +4 antimagic battleaxe
 m - the +8 trident "Jotauz" {flame, rPois rC+ MP+9}
   (You found it on level 2 of the Lair of Beasts)

   rC+:       It protects you from cold.
   rPois:     It protects you from poison MP+9: It affects your magic capacity
   (+9).
 y - the +2 battleaxe "Niopaxig" {antimagic, rC+ Will+}
   (Trog gifted it to you on level 4 of the Realm of Zot)

   rC+:       It protects you from cold.
   Will+:     It increases your willpower.
 O - the +5 dire flail "Tojohuk" {venom, rPois rF++}
   (You found it on level 4 of the Vaults)

   rF++:      It greatly protects you from fire.
   rPois:     It protects you from poison
 V - a +9 executioner's axe of electrocution (weapon)
Missiles
 b - 5 throwing nets (quivered)
 k - 5 boomerangs of dispersal
 z - 4 silver javelins
Armour
 i - the +4 dragonskin cloak (worn)
   (You took it off Tiamat on level 1 of the Realm of Zot)

   Avatar's Aegis: It grants the wearer a chance to resist fire, cold, poison,
   electricity, acid, and negative energy.
 x - the +2 pair of boots of Calculation (worn) {rC++}
   (You acquired it on level 1 of the Snake Pit)

   rC++:      It greatly protects you from cold.
 E - +8 gold dragon scales (worn)
 F - the +3 kite shield of Ycoekasm {rElec rPois rN++ Int-4}
   (You took it off Asterion on level 3 of the Vaults)

   Int-4:     It affects your intelligence (-4).
   rElec:     It insulates you from electricity.
   rPois:     It protects you from poison rN++: It greatly protects you from
   negative energy.
Jewellery
 c - the ring of Dejyilod (right hand) {Wiz rElec Str+4}
   (You found it on level 5 of the Lair of Beasts)

   [ring of wizardry]

   Wiz:       It improves your spell success rate.
   Str+4:     It affects your strength (+4).
   rElec:     It insulates you from electricity.
 f - the ring of Ymovozekh {Will+ Int+4}
   (You found it on level 1 of the Lair of Beasts)

   [ring of willpower]

   Int+4:     It affects your intelligence (+4).
   Will+:     It increases your willpower.
 n - the ring "Ceqongy" {Fire rElec rN++}
   (You found it on level 2 of the Depths)

   [ring of fire]

   Fire:      It enhances your fire magic.
   rF+:       It protects you from fire.
   rC-:       It makes you vulnerable to cold.
   rElec:     It insulates you from electricity.
   rN++:      It greatly protects you from negative energy.
 u - a +6 ring of intelligence
 D - a ring of resist corrosion
 L - a ring of flight
 U - the ring "Kuggam" (left hand) {rF+ rN+ Will+ Int-2 SInv}
   (You bought it in a shop on level 2 of the Depths)

   [ring of protection from fire]

   Int-2:     It affects your intelligence (-2).
   rF+:       It protects you from fire.
   rN+:       It protects you from negative energy.
   Will+:     It increases your willpower.
   SInv:      It lets you see invisible.
 W - the amulet of Weocraf (around neck) {Spirit rN+ Regen+ rCorr}
   (You bought it in a shop on level 2 of the Orcish Mines)

   [amulet of guardian spirit]

   Spirit:    It causes incoming damage to be divided between your reserves of
   health and magic.
   rN+:       It protects you from negative energy.
   Regen+:    It increases your rate of health regeneration.
   rCorr:     It protects you from acid and corrosion.
 Z - the amulet of Abstinence {Faith Rampage}
   (You found it on level 1 of the Realm of Zot)

   [amulet of faith]

   Faith:     It allows you to gain divine favour quickly.
   Rampage:   It bestows one free step when moving towards enemies.
Wands
 B - a wand of mindburst (16)
 G - a wand of light (9)
 P - a wand of digging (3)
 R - a wand of iceblast (76)
Scrolls
 d - a scroll of vulnerability
 g - 7 scrolls of revelation
 j - 3 scrolls of poison
 l - 3 scrolls of fog
 q - 15 scrolls of enchant weapon
 v - 9 scrolls of teleportation
 M - 7 scrolls of silence
 N - 4 scrolls of noise
 S - a scroll of blinking
 Y - 5 scrolls of fear
Potions
 a - 5 potions of magic
 e - 6 potions of haste
 o - 4 potions of invisibility
 p - 5 potions of cancellation
 r - 3 potions of might
 s - 3 potions of resistance
 t - 3 potions of heal wounds
 A - 19 potions of curing
 C - 3 potions of enlightenment
 J - 12 potions of mutation
 T - 2 potions of attraction
Miscellaneous
 K - a phantom mirror


   Skills:
 O Level 27 Fighting
 O Level 27 Axes
 - Level 1.6(18.1) Polearms
 + Level 19.3 Armour
 + Level 19.3 Dodging


You had 25 spell levels left.
You didn't know any spells.
Your spell library was empty.

Dungeon Overview and Level Annotations

Branches:
Dungeon (15/15)            Temple (1/1) D:4            Lair (5/5) D:8
  Swamp (4/4) Lair:3        Snake (4/4) Lair:3        Slime (5/5) Lair:4
    Orc (2/2) D:11            Elf (3/3) Orc:2        Vaults (5/5) D:14
  Crypt (0/3) Vaults:2     Depths (4/4) D:15            Zot (5/5) Depths:4
  Sewer (visited)          Bailey (visited)           IceCv (visited)
Gauntlet (visited)

Altars:
Ashenzari
Cheibriados
Dithmenos
Fedhas
Gozag
Hepliaklqana
Kikubaaqudgha
Makhleb
Nemelex Xobeh
Okawaru
Qazlal
Ru
Sif Muna
Trog
Uskayaw
Vehumet
Wu Jian
Xom
Yredelemnul
Jiyva

Shops:
D:4 **?   D:7 *   D:13 *   D:15 ?   Orc:2 ?*=[   Elf:3 *   Snake:1 !
Depths:1 [   Depths:2 *   Depths:4 :=:

Portals:
Hell: Depths:1 Depths:2 Depths:3 Depths:4
Abyss: Depths:2 Depths:3
Pandemonium: Orc:2 Depths:2
Ziggurat: Depths:2

Annotations:
D:4 3 runed translucent doors, snackwell's ghost, amateur GrGl
D:7 3 runed translucent doors, BlueFalcon's ghost, novice VSHu
D:9 3 runed translucent doors, Lobster4's ghost, journeyman SpBr
Lair:3 3 runed translucent doors, Chudface's ghost, novice FeSu; Dinouf's ghost, adept DsFE; Vacku Hude's ghost, journeyman HOFi
Lair:4 1 runed translucent door
Lair:5 exclusion: oklob plant
Swamp:3 Lernaean hydra
Swamp:4 3 runed translucent doors, sigtrap's ghost, adept FoFi
Vaults:2 1 runed translucent door, Gadrel's ghost, adept DrEn
Depths:4 exclusion: 4 draconian stormcallers
Zot:4 1 runed translucent door, Dommouf's ghost, veteran OnBe
Zot:5 2 transporters, Zaeh's ghost, veteran TrSh


Innate Abilities, Weirdness & Mutations

You are surrounded by a strong repulsion field. (EV +4, RMsl)
A demonic guardian rushes to your aid.
You are extremely robust. (+30% HP)
When hurt, damage is shared between your health and your magic reserves.
You regenerate magic rapidly.
When low on magic, you restore magic in place of health.
Your touch may irresistibly damage your foes and sap their willpower.
You sometimes lose your temper in combat.
You are somewhat resistant to further mutation.
Your system is resistant to poisons. (rPois)
Your muscles are strong. (Str +4, Int/Dex -1)
Potions are less effective at restoring your health.
You are vulnerable to cold. (rC-)


Message History

The ball python hisses angrily.
The goblin shouts!
The killer bee buzzes angrily.
You hear a shout!
The rust devil barely misses you.
You closely miss the rust devil. You closely miss the rust devil.
The rust devil closely misses you.
You completely miss the rust devil. The rust devil barely misses you.
You slash the rust devil!
The rust devil is moderately wounded.
You slash the rust devil!
The rust devil is severely wounded.
The rust devil misses you.
You slash the rust devil!
The rust devil is almost dead.
The rust devil misses you.
You closely miss the rust devil.
The rust devil is almost dead.
You cut the rust devil into ribbons!!!
You kill the rust devil!
Trog accepts your kill.
A red devil comes into view. It is wielding a +0 trident.
There is an escape hatch in the ceiling here.
A mysterious force pulls you upwards. The hatch slams shut behind you.
There is an escape hatch in the ceiling here.
Unknown command.
A mysterious force pulls you upwards. The hatch slams shut behind you.
You see here a +0 dagger.
You see here a +2 halberd of freezing.
There is a stone staircase leading up here.
Unknown command.
You climb upwards.
There is a stone staircase leading down here.
A chaos spawn comes into view.
You carve the chaos spawn like a ham!!!
You kill the chaos spawn!
Trog accepts your kill.
The chaos spawn degenerates into a cloud of primal chaos!
No target in view!
There is a staircase leading out of the dungeon here.
You have escaped!

### #..
###############
#.#
#..≈~P.@..P...#
##.#
#.~~PP....P...##
###...
#...~...P.~~.#~##
#.....
#.P.P..~~~~.P#≈~#
###...
#~~~P.~......~~≈#
##.>
##......~~..~~~##
#..
#...~P.PP.~PP~~.#
####.#
#....P~....~PP~.#
#.....
##..~~~..P.P~~~##
####..


There were no monsters in sight!

Vanquished Creatures
  the Royal Jelly (Slime:5)
  Tiamat (Zot:1)
  3 dread liches
  6 ancient liches
  4 orbs of fire
  Sojobo (Vaults:3)
  3 Killer Klowns
  Margery (Vaults:5)
  Xtahua (Depths:3)
  Saint Roka (Vaults:1)
  2 curse toes
  14 golden dragons
  Nikola (Vaults:1)
  A bone dragon (Zot:1)
  Rupert (D:14)
  11 tentacled monstrosities
  4 electric golems
  A Brimstone Fiend (Zot:5)
  4 deep elf blademasters (Elf:3)
  A quicksilver dragon (shapeshifter) (Vaults:5)
  27 Orb Guardians
  3 liches
  Asterion (Vaults:3)
  A titan (Depths:1)
  13 acid blobs
  4 deep elf master archers (Elf:3)
  9 quicksilver dragons
  3 sphinxes (Vaults:5)
  An Executioner (Zot:5)
  16 shadow dragons
  9 death cobs
  Agnes (D:15)
  6 tengu reavers
  4 draconian monks
  15 storm dragons
  11 nagarajas
  A fenstrider witch (Swamp:1)
  8 frost giants
  5 azure jellies (Slime:5)
  4 draconian knights
  14 vault wardens
  9 rockslimes
  Louise (D:15)
  3 iron dragons
  7 fire giants
  A balrug (Depths:2)
  3 ghost moths
  8 deep elf sorcerers
  Aizul (Vaults:1)
  3 draconian scorchers
  A juggernaut zombie (Depths:3)
  3 ghouls (Swamp:1)
  4 draconian shifters
  4 deep elf elementalists (Elf:3)
  7 draconian stormcallers
  5 war gargoyles
  4 quicksilver oozes
  3 spriggan defenders
  21 ironbound preservers
  2 draconian annihilators
  2 vampire knights
  18 stone giants
  Nessos (D:14)
  19 very ugly things
  6 eleionomae
  3 deep elf annihilators
  9 ironbound thunderhulks
  2 deep elf demonologists
  14 green draconians
  7 dire elephants (Vaults:1)
  10 white draconians
  8 yellow draconians
  12 black draconians
  12 purple draconians
  3 spark wasps (Depths:2)
  A minotaur (Gauntlet)
  15 red draconians
  A bunyip (Swamp:3)
  A wendigo (Depths:2)
  A blizzard demon (Gauntlet)
  12 deep elf death magi
  Snorg (Lair:5)
  11 ettins
  A crystal guardian (Vaults:2)
  An entropy weaver (Vaults:3)
  3 deep elf high priests
  A shambling mangrove (Swamp:3)
  A great orb of eyes (shapeshifter) (Vaults:5)
  8 fire dragons
  3 salamander tyrants
  7 great orbs of eyes
  15 yaktaur captains
  A hell beast (Depths:4)
  21 hydras
  13 ice dragons
  Harold (D:11)
  23 vault guards
  2 ghost crabs
  3 peacekeepers
  A rakshasa (Depths:2)
  5 spriggan air magi
  10 anacondas
  16 centaur warriors
  A demonspawn (Orc:2)
  2 death knights (Vaults:2)
  13 ironbound frosthearts
  A catoblepas (Lair:5)
  An ogre mage (D:15)
  An anaconda (shapeshifter) (Vaults:5)
  11 two-headed ogres
  14 alligators
  13 deep troll shamans
  18 death yaks
  20 naga warriors
  Urug (D:14)
  3 orc high priests (Orc:2)
  7 boulder beetles
  10 deep troll earth magi
  28 dancing weapons
  5 tengu warriors
  13 naga sharpshooters
  8 hell knights (Vaults:5)
  2 spriggan berserkers (Depths:2)
  25 deep elf knights
  3 sun demons
  17 spriggans
  7 shock serpents
  2 skysharks
  3 skeletal warriors (D:14)
  A wretched star (Gauntlet)
  3 salamander mystics
  3 spriggan druids
  12 iron trolls
  7 goliath frogs
  A death drake (shapeshifter) (D:14)
  7 bog bodies
  4 sea snakes (Snake:2)
  5 naga ritualists
  A swamp dragon (shapeshifter) (Vaults:5)
  A glowing orange brain (Depths:4)
  12 occultists
  A flayed ghost (Depths:2)
  2 orange crystal statues
  A tengu zombie (Vaults:2)
  13 swamp dragons
  64 deep trolls
  12 lindwurms
  9 necromancers
  20 ironbound convokers
  6 phantasmal warriors
  11 deep elf archers
  49 ugly things
  37 deep elf pyromancers
  21 deep elf zephyrmancers
  11 mana vipers
  A harpy (shapeshifter) (Elf:2)
  2 cyclopes (D:15)
  7 spectral spriggans (Swamp:1)
  4 shining eyes
  4 will-o-the-wisps
  10 orc sorcerers
  5 orc knights
  11 salamanders
  6 manticores
  11 elephants
  28 moths of wrath
  39 black mambas
  An elephant (shapeshifter) (D:13)
  21 vault sentinels
  A rust devil (D:4)
  12 naga magi
  2 ice statues (Swamp:1)
  A gargoyle (D:7)
  2 orange demons (Depths:2)
  13 guardian serpents
  5 storm dragon simulacra
  A titan simulacrum (Depths:3)
  8 cane toads
  An eye of devastation (Slime:4)
  An unseen horror (D:13)
  A yaktaur zombie (Vaults:2)
  2 kobold demonologists
  An efreet (D:13)
  35 yaktaurs
  3 tengu conjurers
  2 freezing wraiths (Swamp:1)
  10 komodo dragons
  3 rime drakes
  An ice devil (Depths:2)
  A tormentor (D:14)
  A queen bee (shapeshifter) (Elf:2)
  7 golden dragon simulacra (IceCv)
  2 hellwings (Orc:2)
  2 polar bears
  5 trolls
  A bloated husk (Swamp:1)
  10 tyrant leeches
  21 hornets
  A red devil (Orc:2)
  Grinder (D:3)
  A wolf spider simulacrum (D:15)
  A meliai (D:13)
  21 blink frogs
  A raiju (Gauntlet)
  A fire giant simulacrum (Depths:2)
  An air elemental (Elf:1)
  6 laughing skulls (Gauntlet)
  74 slime creatures
  44 yaks
  An ettin skeleton (Vaults:2)
  A vampire (D:13)
  3 wraiths
  4 wyverns
  A spriggan (shapeshifter) (D:15)
  2 water elementals (Elf:3)
  3 shadows (Gauntlet)
  A ynoxinul (Depths:2)
  A basilisk (D:15)
  5 golden eyes (Slime:2)
  17 humans
  2 redbacks (Vaults:3)
  3 fire elementals (Elf:1)
  3 neqoxecs
  A steam dragon (Gauntlet)
  4 vampire mosquitoes (Swamp:1)
  A hog (shapeshifter) (Elf:3)
  A chaos spawn (D:1)
  3 wargs (Orc:2)
  38 nagas
  15 swamp worms
  9 water moccasins
  2 acid dragons (D:10)
  2 glass eyes (Slime:4)
  4 ice dragon simulacra (IceCv)
  An ice beast (shapeshifter) (Elf:1)
  35 orc warriors
  4 black bears
  8 swamp drakes
  3 ice beasts
  A spriggan simulacrum (Depths:2)
  A sky beast (shapeshifter) (D:14)
  9 ogres
  5 boggarts
  2 centaurs
  6 wolves (Lair:5)
  6 elf zombies (Elf:1)
  8 kobold brigands
  14 bullfrogs
  A gnoll sergeant (D:8)
  6 scorpions
  3 earth elementals
  A wight (Vaults:2)
  A small abomination (Gauntlet)
  14 killer bees
  6 lindwurm simulacra (IceCv)
  6 electric eels (Lair:3)
  3 howler monkeys
  3 lava snakes (D:14)
  22 orc priests
  2 hounds
  6 jellies
  Terence (D:3)
  2 sleepcaps
  Natasha (thrice) (D:3)
  An iguana (D:7)
  20 orc wizards
  A hell rat (Sewer)
  Robin (D:3)
  7 gnolls
  6 adders
  3 river rats (Sewer)
  A shadow imp (D:7)
  2 white imps
  2 dart slugs
  117 orcs
  6 endoplasms
  7 giant cockroaches
  15 goblins
  12 hobgoblins
  9 jackals
  21 kobolds
  10 quokkas
  12 ball pythons
  4 bats
  2 frilled lizards
  15 rats
  A spectral weapon (Swamp:3)
2198 creatures vanquished.

Vanquished Creatures (collateral kills)
  A dread lich (Vaults:5)
  A Killer Klown (Zot:4)
  A tentacled monstrosity (Zot:3)
  A quicksilver dragon (Zot:1)
  A storm dragon (Zot:1)
  A deep elf sorcerer (Elf:3)
  A frost giant (Vaults:5)
  A very ugly thing (Vaults:3)
  An ironbound thunderhulk (Vaults:4)
  A white draconian (Zot:5)
  An ettin (Vaults:5)
  2 vault guards (Vaults:5)
  2 hydras
  An anaconda (Snake:2)
  A spriggan berserker (Depths:2)
  A hell knight (Vaults:5)
  2 deep elf knights (Elf:2)
  A skyshark (Lair:3)
  A deep troll (Vaults:1)
  A shadow dragon zombie (Depths:3)
  A swamp dragon (Swamp:4)
  A phantasmal warrior (Vaults:5)
  An ugly thing (Vaults:3)
  A mana viper (Snake:2)
  A deep elf zephyrmancer (Elf:2)
  A sphinx skeleton (Depths:3)
  2 moths of wrath
  2 salamanders
  A blink frog (Lair:1)
  A redback (Vaults:3)
  A swamp worm (Swamp:4)
  A naga (Snake:4)
  An orc warrior (D:7)
  An orc priest (Orc:1)
  An orc wizard (D:11)
  An orc (D:11)
41 creatures vanquished.

Vanquished Creatures (others)
  2 draconian knights
  A yaktaur captain (Vaults:5)
  A vault guard (Vaults:5)
  A deep elf zephyrmancer (Elf:3)
  2 bloated husks (Swamp:1)
  An air elemental (Elf:1)
  A boggart (Vaults:2)
  An orc wizard (D:11)
  2 human simulacra (D:13)
  26 foxfires
38 creatures vanquished.

Grand Total: 2277 creatures vanquished

Notes
Turn   | Place    | Note
-------+----------+-------------------------------------------
     0 | D:1      | OrthodoxDeviant the Demonspawn Berserker began the quest
                  | for the Orb.
     0 | D:1      | Reached XP level 1. HP: 18/18 MP: 1/1
   276 | D:1      | Gained mutation: Your touch may inflict minor irresistible
                  | damage on your foes. [demonic ancestry]
   276 | D:1      | Reached XP level 2. HP: 20/24 MP: 2/2
   675 | D:1      | Reached ** piety under Trog
   726 | D:1      | Gained mutation: Your touch may inflict irresistible damage
                  | on your foes. [demonic ancestry]
   726 | D:1      | Reached XP level 3. HP: 26/29 MP: 3/3
  1065 | D:2      | Found a faded altar of an unknown god.
  1379 | D:2      | Reached XP level 4. HP: 37/37 MP: 4/4
  2012 | D:3      | Reached XP level 5. HP: 31/43 MP: 5/5
  2154 | D:3      | Noticed Terence
  2168 | D:3      | Killed Terence
  2268 | D:3      | Noticed Robin
  2277 | D:3      | Reached *** piety under Trog
  2285 | D:3      | Killed Robin
  2354 | D:3      | Noticed Grinder
  2363 | D:3      | Killed Grinder
  2364 | D:3      | Reached skill level 5 in Fighting
  2364 | D:3      | Reached skill level 5 in Axes
  2364 | D:3      | Gained mutation: You regenerate magic rapidly. [demonic
                  | ancestry]
  2364 | D:3      | Reached XP level 6. HP: 51/51 MP: 6/6
  2553 | D:3      | Found a broken altar of Ashenzari.
  2627 | D:3      | Noticed Natasha
  2636 | D:3      | Killed Natasha
  2637 | D:3      | Reached XP level 7. HP: 53/58 MP: 7/7
  2709 | D:3      | Noticed Natasha
  2714 | D:3      | Killed Natasha
  2899 | D:3      | Noticed Natasha
  2906 | D:3      | Killed Natasha
  3010 | D:4      | Found Rime's Assorted Antiques.
  3086 | D:4      | Noticed snackwell's ghost (amateur GrGl)
  3091 | D:4      | Found Gisiof's General Store.
  3213 | D:4      | Found a staircase to the Ecumenical Temple.
  3356 | D:4      | Found a runed translucent gate.
  3357 | D:4      | Found a runed translucent gate.
  3358 | D:4      | Found a runed translucent gate.
  3519 | D:4      | Found Keub's Magic Scroll Boutique.
  3708 | D:5      | Entered Level 5 of the Dungeon
  4185 | D:5      | Reached XP level 8. HP: 67/67 MP: 8/8
  4897 | D:6      | Found a glowing drain.
  4909 | Sewer    | Entered a sewer
  4946 | Sewer    | Reached **** piety under Trog
  5103 | D:6      | Found a sacrificial altar of Ru.
  5205 | D:6      | Gained mutation: A weak demonic guardian rushes to your
                  | aid. [demonic ancestry]
  5205 | D:6      | Reached XP level 9. HP: 63/75 MP: 9/9
  5737 | D:6      | Found a shimmering altar of Xom.
  6210 | D:7      | Noticed a gargoyle
  6328 | D:7      | Found Abeink's Assorted Antiques.
  7217 | D:7      | Identified the +5 chain mail of Conscience {rC+ rN+ Int-5}
  7220 | D:7      | Found a runed translucent gate.
  7220 | D:7      | Found a runed translucent gate.
  7220 | D:7      | Found a runed translucent gate.
  7231 | D:7      | Killed a gargoyle
  7232 | D:7      | Reached skill level 10 in Fighting
  7314 | D:7      | Noticed BlueFalcon's ghost (novice VSHu)
  7797 | D:8      | Found a flagged portal.
  7806 | Bailey   | Entered a bailey
  7863 | Bailey   | Gained mutation: When hurt, damage is shared between your
                  | health and your magic reserves. [demonic ancestry]
  7863 | Bailey   | Reached XP level 10. HP: 69/86 MP: 10/10
  8074 | Bailey   | Reached skill level 10 in Axes
  8205 | Bailey   | Found an iron altar of Okawaru.
  8672 | D:8      | Found a bloodstained altar of Trog.
  8948 | D:8      | Found a staircase to the Lair.
  9556 | D:9      | Found a sparkling altar of Nemelex Xobeh.
  9589 | D:9      | Noticed a two-headed ogre
 10202 | D:9      | Killed a two-headed ogre
 10203 | D:9      | Reached XP level 11. HP: 96/96 MP: 9/11
 10356 | D:9      | Found a stormy altar of Qazlal.
 10470 | D:9      | Found a runed translucent gate.
 10471 | D:9      | Found a runed translucent gate.
 10474 | D:9      | Found a runed translucent gate.
 10501 | D:9      | Noticed Lobster4's ghost (journeyman SpBr)
 10534 | D:10     | Entered Level 10 of the Dungeon
 10801 | D:10     | Noticed a two-headed ogre
 10815 | D:10     | Killed a two-headed ogre
 11435 | D:10     | Found a shimmering blue altar of Sif Muna.
 11513 | D:11     | Found a shimmering altar of Xom.
 11548 | D:11     | Noticed Harold
 11559 | D:11     | Killed Harold
 11852 | D:11     | Found a staircase to the Orcish Mines.
 12246 | D:12     | Noticed a two-headed ogre
 12251 | D:12     | Killed a two-headed ogre
 12374 | D:12     | Noticed a two-headed ogre
 12382 | D:12     | Killed a two-headed ogre
 12421 | D:12     | Noticed a two-headed ogre
 12439 | D:12     | Killed a two-headed ogre
 12585 | D:12     | Noticed a white ugly thing
 12605 | D:12     | Killed a white ugly thing
 12827 | D:12     | Found Gazer's Assorted Antiques.
 13043 | Lair:1   | Entered Level 1 of the Lair of Beasts
 13058 | Lair:1   | Noticed a death yak
 13058 | Lair:1   | Noticed a death yak
 13064 | Lair:1   | Noticed a death yak
 13065 | Lair:1   | Noticed a death yak
 13270 | D:13     | Noticed a tengu warrior
 13395 | D:8      | Gained mutation: You have a pair of small antennae on your
                  | head. [potion of mutation]
 13395 | D:8      | Gained mutation: Your muscles are strong. (Str +4, Int/Dex
                  | -1) [potion of mutation]
 13576 | D:8      | Killed a death yak
 13577 | D:8      | Gained mutation: You are surrounded by a mild repulsion
                  | field. (EV +2) [demonic ancestry]
 13577 | D:8      | Reached XP level 12. HP: 106/106 MP: 12/12
 13633 | D:8      | Killed a death yak
 13702 | Lair:1   | Killed a death yak
 13706 | Lair:1   | Killed a death yak
 14762 | Lair:1   | Identified the ring of Ymovozekh {Will+ Int+4}
 15141 | Lair:2   | Found an ornate altar of the Wu Jian Council.
 15146 | Lair:1   | Reached ***** piety under Trog
 15246 | Lair:2   | Identified the +8 trident "Jotauz" {flame, rPois rC+ MP+9}
 15546 | Lair:2   | Found the +3 greatsling "Punk" {acid, rCorr}
 15593 | Lair:2   | Reached skill level 1 in Polearms
 15921 | Lair:2   | Reached skill level 5 in Armour
 15935 | Lair:2   | Reached skill level 5 in Dodging
 16398 | Lair:3   | Found a staircase to the Snake Pit.
 16498 | Lair:3   | Noticed a death yak
 16498 | Lair:3   | Noticed a death yak
 16503 | Lair:3   | Noticed a death yak
 16510 | Lair:2   | Killed a death yak
 16542 | Lair:3   | Noticed a death yak
 16553 | Lair:2   | Killed a death yak
 16554 | Lair:2   | Gained mutation: You are robust. (+10% HP) [demonic
                  | ancestry]
 16554 | Lair:2   | Reached XP level 13. HP: 88/125 MP: 10/13
 16769 | Lair:3   | Reached skill level 15 in Fighting
 17176 | Lair:3   | Found a runed translucent gate.
 17176 | Lair:3   | Found a runed translucent gate.
 17176 | Lair:3   | Found a runed translucent gate.
 17295 | Lair:3   | Noticed Vacku Hude's ghost (journeyman HOFi)
 17296 | Lair:3   | Noticed Chudface's ghost (novice FeSu)
 17296 | Lair:3   | Noticed Dinouf's ghost (adept DsFE)
 17497 | Lair:3   | Found a staircase to the Swamp.
 17610 | Lair:3   | Identified the +1 robe "Noips" {rF+ rN+ Int-2}
 18521 | Lair:4   | Found a staircase to the Slime Pits.
 18522 | Lair:4   | Found a viscous altar of Jiyva.
 19371 | Lair:4   | Found a runed translucent door.
 19382 | Lair:4   | Received a gift from Trog
 19549 | Lair:4   | Noticed a reaper
 19583 | Lair:5   | Entered Level 5 of the Lair of Beasts
 20336 | Lair:5   | Noticed Snorg
 20361 | Lair:5   | Killed Snorg
 20780 | Lair:5   | Reached XP level 14. HP: 107/137 MP: 13/14
 20790 | Lair:5   | Reached skill level 15 in Axes
 21016 | Lair:5   | Found a shimmering blue altar of Sif Muna.
 22356 | Lair:5   | Identified the ring of Dejyilod {Wiz rElec Str+4}
 22727 | Lair:5   | Identified the +3 dire flail of Imminent Death {drain,
                  | Str+2}
 23125 | Orc:1    | Entered Level 1 of the Orcish Mines
 23351 | Orc:2    | Entered Level 2 of the Orcish Mines
 23399 | Orc:2    | Found a gate leading to a gauntlet.
 23417 | Gauntlet | Entered a Gauntlet
 23417 | Gauntlet | Found a transporter.
 23442 | Gauntlet | Found a transporter.
 23444 | Gauntlet | Found a transporter.
 23445 | Gauntlet | Found a transporter.
 23453 | Gauntlet | Found a transporter.
 23456 | Gauntlet | Found a transporter.
 23457 | Gauntlet | Found a transporter.
 23467 | Gauntlet | Found a transporter.
 23469 | Gauntlet | Found a transporter.
 23470 | Gauntlet | Found a transporter.
 23478 | Gauntlet | Found a transporter.
 23481 | Gauntlet | Found a transporter.
 23482 | Gauntlet | Found a transporter.
 23490 | Gauntlet | Found a transporter.
 23794 | Gauntlet | Gained mutation: You are vulnerable to cold. (rC-) [a
                  | neqoxec]
 24658 | D:13     | Found Zuoll's Demolitions Depot.
 24842 | D:13     | Received a gift from Trog
 26267 | D:13     | Reached XP level 15. HP: 114/149 MP: 12/15
 26489 | D:14     | Noticed Nessos
 26489 | D:14     | Noticed Urug
 26489 | D:14     | Noticed Rupert
 26489 | D:14     | Found a gate to the Vaults.
 26723 | D:14     | Killed Nessos
 26728 | D:14     | Killed Rupert
 26961 | D:14     | Killed Urug
 27869 | D:15     | Entered Level 15 of the Dungeon
 27894 | D:15     | Noticed Agnes
 27899 | D:15     | Killed Agnes
 28039 | D:15     | Received a gift from Trog
 28774 | D:15     | Found Vustooj's Magic Scroll Shop.
 29072 | D:15     | Found a staircase to the Depths.
 29125 | D:15     | Noticed Louise
 29134 | D:15     | Killed Louise
 29906 | Orc:2    | Received a gift from Trog
 30587 | Orc:2    | Found a staircase to the Elven Halls.
 30636 | Orc:2    | Found Puming's General Store.
 30701 | Orc:2    | Found Pexussel's Magic Scroll Emporium.
 31400 | Orc:2    | Bought a scroll of acquirement for 884 gold pieces
 31400 | Orc:2    | Acquired the +3 pair of gloves of Sif Muna's Hope {Rampage
                  | Str+2}
 31457 | Orc:2    | Found Nomezext's Antique Armour Boutique.
 31457 | Orc:2    | Found Wareets's Jewellery Shop.
 31458 | Orc:2    | Found a one-way gate leading to the halls of Pandemonium.
 31474 | Orc:2    | Bought the amulet of Weocraf {Spirit rN+ Regen+ rCorr} for
                  | 655 gold pieces
 31495 | Orc:2    | Bought a pair of glowing boots for 240 gold pieces
 31831 | Snake:1  | Entered Level 1 of the Snake Pit
 31838 | Snake:1  | Gained mutation: You are surrounded by a moderate repulsion
                  | field. (EV +3) [demonic ancestry]
 31838 | Snake:1  | Reached XP level 16. HP: 150/161 MP: 14/16
 31975 | Snake:1  | Found Qeilootz's Distillery.
 32076 | Snake:1  | Bought a potion of heal wounds for 75 gold pieces
 32787 | Snake:1  | Received a gift from Trog
 34307 | Snake:1  | Acquired the +2 pair of boots of Calculation {rC++}
 34973 | Snake:3  | Received a gift from Trog
 35266 | Snake:3  | Gained mutation: A demonic guardian rushes to your aid.
                  | [demonic ancestry]
 35266 | Snake:3  | Reached XP level 17. HP: 144/172 MP: 15/17
 36183 | Snake:4  | Entered Level 4 of the Snake Pit
 37161 | Snake:4  | Received a gift from Trog
 38125 | Snake:4  | Got a serpentine rune of Zot
 38442 | Swamp:1  | Entered Level 1 of the Swamp
 38487 | Swamp:1  | Reached ****** piety under Trog
 38603 | Swamp:1  | Found a frozen archway.
 38616 | IceCv    | Entered an ice cave
 38972 | IceCv    | Identified the +0 battleaxe of Abstinence {heavy, rF+ MP-9
                  | Stlth+} (Trog gifted it to you in an ice cave)
 38972 | IceCv    | Received a gift from Trog
 39095 | IceCv    | Found the +4 skin of Zhor {*Englaciate rC+++ SInv}
 39406 | IceCv    | Identified the ring "Rurphammi" {rC+ Str-4 Dex+4}
 39544 | IceCv    | Identified the ring of Qaps {rF+ rN+ Will- Str-5 Dex+7}
 39664 | Swamp:1  | Paralysed by a fenstrider witch for 4 turns
 40073 | Swamp:1  | Gained mutation: Your touch may irresistibly damage your
                  | foes and sap their willpower. [demonic ancestry]
 40073 | Swamp:1  | Reached XP level 18. HP: 173/184 MP: 15/18
 41524 | Swamp:2  | Received a gift from Trog
 42596 | Swamp:4  | Entered Level 4 of the Swamp
 43140 | Swamp:4  | Found a runed translucent gate.
 43140 | Swamp:4  | Found a runed translucent gate.
 43140 | Swamp:4  | Found a runed translucent gate.
 43143 | Swamp:4  | Noticed sigtrap's ghost (adept FoFi)
 43574 | Swamp:4  | Noticed the 27-headed Lernaean hydra
 44255 | Swamp:4  | Got a decaying rune of Zot
 44668 | Elf:1    | Entered Level 1 of the Elven Halls
 44853 | Elf:1    | Reached XP level 19. HP: 195/195 MP: 19/19
 44944 | Elf:1    | Received a gift from Trog
 45759 | Elf:2    | Received a gift from Trog
 45765 | Elf:2    | Found a flickering gateway to a bazaar.
 45779 | Bazaar   | Entered a bazaar
 45800 | Bazaar   | Found Ophyapt's Antique Weapon Emporium.
 45800 | Bazaar   | Found Ajet's General Store.
 45822 | Bazaar   | Found Hodezyp's Magic Scroll Emporium.
 45838 | Bazaar   | Found Pischod's Distillery.
 45920 | Bazaar   | Bought a potion of curing for 24 gold pieces
 45920 | Bazaar   | Bought a potion of mutation for 64 gold pieces
 45920 | Bazaar   | Bought a potion of might for 32 gold pieces
 45938 | Bazaar   | Bought a scroll of teleportation for 42 gold pieces
 45938 | Bazaar   | Bought a scroll of teleportation for 42 gold pieces
 45938 | Bazaar   | Bought a scroll of magic mapping for 105 gold pieces
 45938 | Bazaar   | Bought a scroll of fear for 56 gold pieces
 45938 | Bazaar   | Bought a scroll of enchant weapon for 105 gold pieces
 46083 | Elf:2    | Found a runed translucent gate.
 46083 | Elf:2    | Found a runed translucent gate.
 46083 | Elf:2    | Found a runed translucent gate.
 46995 | Elf:2    | Received a gift from Trog
 47598 | Elf:3    | Entered Level 3 of the Elven Halls
 47899 | Elf:3    | Found Xyuzaiwai's General Store.
 47909 | Elf:3    | Bought a scroll of teleportation for 48 gold pieces
 47909 | Elf:3    | Bought a scroll of teleportation for 48 gold pieces
 48752 | Elf:3    | Received a gift from Trog
 48921 | Elf:3    | Identified the +9 war axe of the Original Sin {heavy,
                  | Contam Fly Will- Dex+9}
 48973 | Elf:3    | HP: 6/191 [deep elf blademaster/+0 rapier (15)]
 49742 | Elf:3    | Gained mutation: You are very robust. (+20% HP) [demonic
                  | ancestry]
 49742 | Elf:3    | Reached XP level 20. HP: 191/223 MP: 20/20
 50008 | Elf:3    | Identified the +1 hand axe "Baoptid" {venom, Str+2}
 50165 | Elf:3    | Identified the +4 sling of Virtue {drain, rPois Dex+2
                  | Stlth+}
 50174 | Elf:3    | Identified the staff of conjuration "Qesyadgh" {rF+ Str+2
                  | Dex-4}
 50191 | Elf:3    | Identified the +2 halberd of Causality {heavy, rC+ Int+3}
 50191 | Elf:3    | Identified the ring of Joy {Ice Will- Int+5}
 50199 | Elf:3    | Found the +3 Mad Mage's Maulers {Infuse+∞ VampMP -Cast}
 50490 | Vaults:1 | Entered Level 1 of the Vaults
 50617 | Vaults:1 | Paralysed by a great orb of eyes for 2 turns
 50715 | Vaults:1 | Received a gift from Trog
 50855 | Vaults:1 | Noticed Saint Roka
 51192 | Vaults:1 | Killed Saint Roka
 51319 | Vaults:1 | Noticed Aizul
 51324 | Vaults:1 | Killed Aizul
 51425 | Vaults:1 | Received a gift from Trog
 51473 | Vaults:1 | Reached skill level 10 in Armour
 51473 | Vaults:1 | Reached skill level 10 in Dodging
 51742 | Vaults:1 | Noticed Nikola
 51761 | Vaults:1 | Killed Nikola
 52140 | Vaults:1 | Received a gift from Trog
 52364 | Vaults:2 | Found a flickering gateway to a bazaar.
 52379 | Bazaar   | Entered a bazaar
 52379 | Bazaar   | Found Jacvof's Distillery.
 52379 | Bazaar   | Found Fig Jiur's General Store.
 52405 | Bazaar   | Found Neyreos's Antique Armour Boutique.
 52416 | Bazaar   | Found Wynaw's Book Shoppe.
 52436 | Bazaar   | Found Saxicadd's Antique Weapon Boutique.
 52715 | Vaults:2 | Reached XP level 21. HP: 192/230 MP: 18/21
 52840 | Vaults:2 | Found a runed translucent door.
 52840 | Vaults:2 | Found a shimmering altar of Xom.
 52840 | Vaults:2 | Noticed Gadrel's ghost (adept DrEn)
 52840 | Vaults:2 | Identified the +4 bardiche "Pauzef" {chaos, *Rage rC+++
                  | rCorr}
 53001 | Vaults:2 | Identified the +0 leather armour of the Hippo {rC+}
 53561 | Vaults:2 | Found a staircase to the Crypt.
 54067 | Vaults:3 | Identified the +3 kite shield of Ycoekasm {rElec rPois rN++
                  | Int-4}
 54067 | Vaults:3 | Noticed Asterion
 54074 | Vaults:3 | Killed Asterion
 54292 | Vaults:3 | Noticed Sojobo
 54301 | Vaults:3 | Killed Sojobo
 54612 | Vaults:3 | Received a gift from Trog
 55628 | Vaults:4 | Found a flickering gateway to a bazaar.
 55641 | Bazaar   | Entered a bazaar
 55671 | Bazaar   | Found Ylowid's Jewellery Boutique.
 55748 | Bazaar   | Found Torutaerph's Magic Scroll Shoppe.
 55778 | Bazaar   | Found Utatehom's Book Shoppe.
 55828 | Bazaar   | Found Puoczot's Book Shoppe.
 56100 | Bazaar   | Bought a scroll of silence for 114 gold pieces
 56100 | Bazaar   | Bought a scroll of magic mapping for 90 gold pieces
 56100 | Bazaar   | Bought a scroll of enchant armour for 90 gold pieces
 56100 | Bazaar   | Bought a scroll of teleportation for 36 gold pieces
 56100 | Bazaar   | Bought a scroll of brand weapon for 114 gold pieces
 56288 | Vaults:4 | Identified the +5 dire flail "Tojohuk" {venom, rPois rF++}
 56348 | Vaults:4 | Received a gift from Trog
 57602 | Depths:1 | Entered Level 1 of the Depths
 57680 | Depths:1 | Found a radiant altar of Vehumet.
 57691 | Depths:1 | Received a gift from Trog
 57954 | Depths:1 | Gained mutation: When low on magic, you restore magic in
                  | place of health. [demonic ancestry]
 57954 | Depths:1 | Reached XP level 22. HP: 171/240 MP: 18/22
 58491 | Depths:1 | Found Tyexkol's Armour Shop.
 58682 | Depths:1 | Found a gateway to Hell.
 59135 | Depths:2 | Identified the +1 arbalest of Fyxusela {elec, Stlth+}
 59409 | Depths:2 | Found a one-way gate to the infinite horrors of the Abyss.
 59508 | Depths:2 | Identified the +2 leather armour of Bitterness {rN+}
 59545 | Depths:2 | Found a one-way gateway to a ziggurat.
 59562 | Depths:2 | Received a gift from Trog
 59864 | Depths:2 | Found Big Baal Hell's Store.
 60000 | Depths:2 | Bought the ring "Kuggam" {rF+ rN+ Will+ Int-2 SInv} for
                  | 2758 gold pieces
 60534 | Depths:2 | Noticed a golden dragon
 60547 | Depths:2 | Killed a golden dragon
 60621 | Depths:2 | Identified the ring "Ceqongy" {Fire rElec rN++}
 60898 | Depths:3 | Noticed Xtahua
 60911 | Depths:3 | Killed Xtahua
 61060 | Depths:3 | Received a gift from Trog
 62025 | Depths:3 | Received a gift from Trog
 62421 | Depths:4 | Entered Level 4 of the Depths
 62575 | Depths:4 | Reached XP level 23. HP: 161/248 MP: 15/23
 63334 | Depths:4 | Found a gate to the Realm of Zot.
 63398 | Depths:4 | Identified the +6 mace of the Big Bang {vamp, rPois rN++
                  | Int-3 Stlth+}
 63536 | Depths:4 | Found Quar's Book Boutique.
 63536 | Depths:4 | Found Qigoon's Jewellery Shoppe.
 63537 | Depths:4 | Found Wuthuff's Book Boutique.
 63856 | Vaults:5 | Entered Level 5 of the Vaults
 63856 | Vaults:5 | Noticed Margery
 63865 | Vaults:5 | Identified the ring of Koyst {rF- rC+ rN+ Dex+8 Stlth-}
 63901 | Vaults:5 | Received a gift from Trog
 63906 | Vaults:5 | Killed Margery
 63910 | Vaults:5 | Reached skill level 27 in Axes
 64075 | Vaults:5 | Identified the staff of poison "Gerowneqe" {rElec rPois}
 64584 | Vaults:5 | Reached skill level 15 in Armour
 64591 | Vaults:5 | Reached skill level 15 in Dodging
 64598 | Vaults:5 | Received a gift from Trog
 64603 | Vaults:5 | Noticed a dread lich
 64607 | Vaults:5 | Paralysed by a dread lich for 4 turns
 64608 | Vaults:5 | Killed a dread lich
 65090 | Vaults:5 | Noticed a dread lich
 65212 | Vaults:4 | Killed a dread lich
 65477 | Vaults:4 | Gained mutation: You are extremely robust. (+30% HP)
                  | [demonic ancestry]
 65477 | Vaults:4 | Reached XP level 24. HP: 278/278 MP: 23/23
 65550 | Vaults:5 | Received a gift from Trog
 65749 | Vaults:5 | Got a silver rune of Zot
 66667 | Slime:1  | Entered Level 1 of the Pits of Slime
 66738 | Slime:2  | Gained mutation: Potions are less effective at restoring
                  | your health. [a shining eye]
 66740 | Slime:2  | Gained mutation: You are clumsy. (Dex -2) [a shining eye]
 67000 | Slime:5  | Entered Level 5 of the Pits of Slime
 67127 | Slime:4  | Paralysed by a floating eye for 2 turns
 67394 | Slime:5  | Received a gift from Trog
 67469 | Slime:5  | Gained mutation: Your system is resistant to poisons.
                  | (rPois) [a shining eye]
 67472 | Slime:5  | Gained mutation: You sometimes lose your temper in combat.
                  | [a shining eye]
 67479 | Slime:4  | Paralysed by a floating eye for 2 turns
 67964 | Slime:5  | Found a viscous altar of Jiyva.
 68156 | Slime:5  | Noticed the Royal Jelly
 68252 | Slime:5  | Killed the Royal Jelly
 68377 | Slime:5  | Identified the staff of earth "Gatoirijul" {Fragile rElec
                  | rN+ Int+5}
 68384 | Slime:5  | Identified the +3 leather armour "Dodecw" {rC- Will+++
                  | Dex-4 SInv}
 68412 | Slime:5  | Got a slimy rune of Zot
 68439 | Slime:5  | Identified the amulet of Xelaliw {RegenMP -Tele Regen+
                  | Int-4 SInv}
 68735 | Temple   | Entered the Ecumenical Temple
 68983 | Temple   | Upgraded the game from 0.30-a0-1116-gebefce21f7 to
                  | 0.31-a0-1626-g5cb510d322
 68983 | Temple   | Lost mutation: You have a pair of small antennae on your
                  | head. [potion of mutation]
 68983 | Temple   | Lost mutation: You are vulnerable to cold. (rC-) [potion of
                  | mutation]
 68983 | Temple   | Lost mutation: You are clumsy. (Dex -2) [potion of
                  | mutation]
 68983 | Temple   | Gained mutation: You are somewhat resistant to further
                  | mutation. [potion of mutation]
 69231 | Zot:1    | Entered Level 1 of the Realm of Zot
 69341 | Zot:1    | Received a gift from Trog
 70088 | Zot:1    | Found the +4 dragonskin cloak
 70088 | Zot:1    | Noticed Tiamat
 70118 | Zot:1    | Killed Tiamat
 70340 | Zot:1    | Identified the +1 ring mail of Theory {+Blink}
 70382 | Zot:1    | Identified the amulet of Abstinence {Faith Rampage}
 70443 | Zot:1    | Identified the +2 quarterstaff of the Nine Spreadsheets
                  | {flame, *Slow rElec rF+ Int+4}
 70997 | Zot:2    | Gained mutation: You are surrounded by a strong repulsion
                  | field. (EV +4, RMsl) [demonic ancestry]
 70997 | Zot:2    | Reached XP level 25. HP: 248/292 MP: 21/23
 71213 | Zot:2    | Received a gift from Trog
 71452 | Zot:2    | Noticed an orb of fire
 71471 | Zot:2    | Killed an orb of fire
 71714 | Zot:2    | Identified the +1 morningstar "Spider's Death Toll" {pain,
                  | +Blink rPois rC- rN++}
 71909 | Zot:2    | Identified the +5 dagger "Elup" {venom, rElec rC- rCorr
                  | Str-4}
 72671 | Zot:3    | You fall into a shaft and drop 1 floor!
 72940 | Zot:3    | Noticed a Killer Klown
 72962 | Zot:3    | Killed a Killer Klown
 73787 | Zot:4    | Identified the +2 battleaxe "Niopaxig" {antimagic, rC+
                  | Will+} (Trog gifted it to you on level 4 of the Realm of
                  | Zot)
 73787 | Zot:4    | Received a gift from Trog
 73840 | Zot:4    | Found a runed translucent door.
 73841 | Zot:4    | Noticed Dommouf's ghost (veteran OnBe)
 74160 | Zot:4    | Identified the +6 arbalest "Gezeff" {flame, rCorr Str-3
                  | Dex+2 Stlth+}
 74354 | Zot:5    | Entered Level 5 of the Realm of Zot
 74354 | Zot:5    | Noticed a Killer Klown
 74503 | Zot:4    | Killed a Killer Klown
 74591 | Zot:5    | Found a transporter.
 74591 | Zot:5    | Identified the +1 cloak "Guts" {rElec Will- MP-9 SInv}
 74592 | Zot:5    | Found a bloodstained altar of Trog.
 74592 | Zot:5    | Noticed Zaeh's ghost (veteran TrSh)
 74600 | Zot:5    | Found a transporter.
 74602 | Zot:5    | Identified the +1 cloak of Hide-and-Seek {Dex-5 Slay+5}
 75140 | Zot:5    | Noticed an ancient lich
 75161 | Zot:5    | Killed an ancient lich
 75255 | Zot:5    | Reached XP level 26. HP: 275/312 MP: 20/23
 75263 | Zot:5    | Noticed a dread lich
 75263 | Zot:5    | Noticed an orb of fire
 75265 | Zot:5    | Noticed a dread lich
 75268 | Zot:5    | Noticed an ancient lich
 75280 | Zot:5    | Noticed an orb of fire
 75287 | Zot:5    | Noticed an orb of fire
 75288 | Zot:5    | Noticed an ancient lich
 75496 | Zot:4    | Killed an ancient lich
 75858 | Zot:5    | Killed an orb of fire
 75858 | Zot:5    | Received a gift from Trog
 75877 | Zot:5    | Noticed an ancient lich
 75879 | Zot:5    | Killed an ancient lich
 75894 | Zot:5    | Killed an ancient lich
 75898 | Zot:5    | Killed a dread lich
 75900 | Zot:5    | Gained mutation: You are vulnerable to cold. (rC-) [an orb
                  | of fire]
 75915 | Zot:5    | Killed an orb of fire
 75940 | Zot:5    | Killed an orb of fire
 76317 | Zot:5    | Killed a dread lich
 76318 | Zot:5    | Reached skill level 27 in Fighting
 76751 | Zot:5    | Noticed an ancient lich
 76751 | Zot:5    | Noticed an ancient lich
 76763 | Zot:5    | Killed an ancient lich
 76764 | Zot:5    | Killed an ancient lich
 76847 | Zot:5    | Got the Orb of Zot
 76946 | Zot:5    | Noticed Pezxezu the pandemonium lord
 76980 | Zot:2    | Noticed Zist the pandemonium lord
 77260 | D:14     | Noticed Maritu the pandemonium lord
 77637 | D:$      | Escaped with the Orb!

Illustrated notes

Levels and vault maps discovered:
D:1:      lemuel_arrival_muddy, layout_loops_ring, minmay_pentomino_x4
D:2:      layout_basic, hellmonk_ecumenical_altar_dog_temple,
          nicolae_elevator_lobby_asterisk
D:3:      layout_loops_cross, old_standard_altar, cheibrodos_ashenzari_chains,
          uniq_grinder, uniq_terence, uniq_robin, uniq_natasha
D:4:      layout_loops_cross, minmay_temple_entry_glass, serial_shops,
          nicolae_shop_crystal, shop, nicolae_shop_window_shopping,
          gammafunk_ghost_split, minmay_misc_feat_alley
D:5:      layout_loops_cross, amcnicky_mini_corridor_feature, st_stairs_7
D:6:      layout_loops_corners, lemuel_crystal_altar,
          nicolae_overflow_crystal_walls, gup_sewer_entry_pipe
D:7:      layout_basic, gammafunk_ghost_icy, minmay_shop_grid_forest
D:8:      layout_basic, mainiacjoe_overflow_six_doors_small,
          david_lair_shrubbed, enter_bailey_2,
          nicolae_concentric_dashed_squares_mild
D:9:      layout_rooms, kennysheep_little_box, lemuel_round_altar,
          gammafunk_ghost_spectres
D:10:     layout_loops_ring, led_sif_book, corexii_leaking_fountain,
          minmay_misc_feat_chi
D:11:     layout_roguey, hiddenorc2_lemuel, minmay_stone_trees_small,
          xom_teletrap_fun, uniq_harold
D:12:     layout_roguey, serial_shops, nicolae_shop_overgrown_old_shop,
          minmay_misc_feat_columns
D:13:     minmay_chambers_of_sevens, layout_irregular_city, nicolae_sextant,
          skrybe_limestone_x, nicolae_blasting_shop, bh_circular_ruins
D:14:     layout_basic, david_vaults_3
D:15:     hangedman_depths_entry_civil_slaughter, layout_basic, serial_shops,
          nicolae_shop_hallway_stairs, chequers_serial_rivers_micro_b,
          minmay_misc_feat_x, uniq_agnes, uniq_louise
Temple:   minmay_temple_curvy_branch
Lair:1:   layout_chaotic_city, grunt_forest_small_clearing_treed
Lair:2:   layout_layer_cave, basic_altar, serial_bayou_pond_c,
          nicolae_lair_grove_arrangements
Lair:3:   layout_small_grid, minmay_swamp_entry_eels,
          guppyfry_snake_entry_island, gammafunk_ghost_cemetery, worms_lemuel
Lair:4:   layout_cave_pods, nicolae_slime_entry_field_trip,
          pdpol_lair_cabin_in_the_woods
Lair:5:   grunt_lair_end_beastmaster, layout_misc_corridors, basic_altar,
          minmay_lindwurm_lava, uniq_snorg
Swamp:1:  nicolae_swamp_flooded_prison, layout_basic_swamp,
          portal_ice_cave_entry_ice_statue_two, evilmike_swamp_ruin_house_4
Swamp:2:  nicolae_swamp_decorative_isthmus, layout_basic_swamp,
          infiniplex_staircase_pool_2
Swamp:3:  layout_basic_swamp, nicolae_swamp_fairy_circle
Swamp:4:  swamp_old_school, layout_basic_swamp, gammafunk_ghost_necromancy
Snake:1:  layout_basic, serial_shops, nicolae_shop_waterfront,
          nicolae_snake_gridmaze_zigzag, drop_trap, st_stairs_3,
          nicolae_snake_lava_pool
Snake:2:  layout_misc_corridors, serial_bayou_shore_a
Snake:3:  layout_layer_cave, grunt_megastairs_1
Snake:4:  snake_hunt, layout_onion, grunt_megastairs_5
Slime:1:  layout_caves
Slime:2:  layout_caves
Slime:3:  layout_caves, nicolae_slime_welcoming_committee
Slime:4:  layout_caves
Slime:5
Orc:1:    layout_caves, mines2_david
Orc:2:    pf_orc_diabolical, layout_caves, gauntlet_entry_generic
Elf:1:    nicolae_elf_arrival_fired_up, layout_loops_cross,
          minmay_elf_necromancy
Elf:2:    nicolae_elf_blades_splatter_lattice [nicolae_blade_little_rooms],
          layout_geoelf_octagon, serial_shops, bzr_in_the_mist
Elf:3:    minmay_elf_hall, layout_gridlike, serial_shops,
          nicolae_shop_waterfront, grunt_ministairs_8, minivault_26
Vaults:1: hangedman_vaults_slither, vaults_mumra_minichess,
          nicolae_vaults_big_ls, v_alt_pattern_2, st_lines,
          hangedman_vaults_trim, vaults_dpeg_ring, layout_vaults_big_room,
          uniq_nikola, uniq_aizul, uniq_saint_roka
Vaults:2: ebering_ghost_xom, v_misc_8, ontoclasm_vaults_ring_small,
          nicolae_vaults_triangles, vaults_mumra_lcd, vaults_room_door_hall,
          vaults_dpeg_cross, nicolae_vaults_network_barrier,
          nicolae_vaults_statue_guard, blue_anna_dwarven_crypt,
          grunt_vaults_focal, ontoclasm_vaults_shuriken,
          ontoclasm_vaults_loading_screen, hangedman_vaults_maws,
          layout_vaults_omnibox, serial_shops, bzr_entry_gold
Vaults:3: hangedman_vaults_stretched_pinwheel, v_alt_pattern_4,
          ontoclasm_vaults_misaligned, vaults_room_door_hall, v_misc_31,
          vaults_room_fancy_cross, hangedman_vaults_capsules, v_misc_28,
          grunt_vaults_swirl, vaults_mumra_minichess_inversion,
          vaults_room_ringed_pool, v_misc_15, vaults_mumra_chevron,
          vaults_room_stairs_pillars, vaults_dpeg_encased_lava,
          layout_vaults_omnicross, uniq_sojobo, uniq_asterion
Vaults:4: nicolae_vaults_circle_grid_a, ontoclasm_vaults_chip, v_rooms_3,
          v_misc_23, ontoclasm_vaults_idyll, vaults_room_hallway,
          layout_vaults_omnigrid, serial_shops, bzr_entry_dummy
Vaults:5: uniq_margery
Depths:1: layout_cave_pools, hex_tiny, grunt_hell_entry_dis_mu,
          corexii_corridor_pit, nicolae_vehumet_altar_sigil,
          kennysheep_random_hallway, minmay_shop_star
Depths:2: kennysheep_large_spiral, layout_gridlike, enter_ziggurat_b,
          moated_statue, hangedman_abyss_entry_splay,
          nicolae_hell_entry_big_baal_hell, rand_demon_pan_entry_4,
          minmay_staircase_bubble, firewood_loft
Depths:3: lemuel_troll_bridge, layout_basic, hangedman_coc_ice_floe,
          hangedman_abyss_or_decor_lesser_grid, abyss_entry_small_statue_room,
          abandoned_shop, hangedman_decor_push, uniq_xtahua
Depths:4: evilmike_zot_entry_argh, layout_cave_pools, nicolae_titane,
          pf_hell_entry_great_geh, minmay_shop_grove
Zot:1:    layout_onion, st_grand_hoard_of_tiamat
Zot:2:    layout_basic, bh_zot_ikea_curve
Zot:3:    layout_cathedral_of_symmetry
Zot:4:    layout_gridlike, ebering_ghost_reflecting_pool
Zot:5:    layout_misc_corridors, gammafunk_ghost_wrathful_warriors

Skill      XL: |  1  2  3  4  5  6  7  8  9 10 11 12 13 14 15 16 17 18 19 20 21 22 23 24 25 26 |
---------------+-------------------------------------------------------------------------------+-----
Axes           | 3 4 5 6 8 9 11 12 13 14 16 18 19 20 22 23 24 25 26 27 | 27.0
Fighting       | 4 5 6 7 8 10 12 13 14 16 17 19 20 22 23 24 26 27 | 27.0
Armour         | 3 5 6 9 10 12 13 15 17 18 19 | 19.3
Dodging        | 3 5 6 9 10 12 13 15 17 18 19 | 19.3
Polearms       | 1 |  1.6

Action                     |  1- 3 |  4- 6 |  7- 9 | 10-12 | 13-15 | 16-18 | 19-21 | 22-24 | 25-27 || total
---------------------------+-------+-------+-------+-------+-------+-------+-------+-------+-------++-------
  Melee: Hand axe          |   110 |    92 |    83 |       |       |       |       |       |       ||   285
         Touch             |    13 |    23 |    57 |   105 |    52 |    24 |       |       |       ||   274
         Punch             |     1 |       |     5 |     3 |     3 |     3 |       |       |       ||    15
         War axe           |       |       |   231 |   509 |   238 |       |       |       |       ||   978
         Trident           |       |       |       |    42 |    49 |   137 |       |       |       ||   228
         Executioner's axe |       |       |       |       |   478 |   778 |  1038 |  1390 |   803 ||  4487
         Battleaxe         |       |       |       |       |       |       |    11 |    15 |       ||    26
  Throw: Boomerang         |       |       |       |    29 |     6 |    18 |       |       |       ||    53
 Invoke: Berserk           |       |     4 |     6 |    12 |    13 |     9 |     7 |    11 |     6 ||    68
         Brothers in Arms  |       |       |     1 |     1 |     1 |       |       |     1 |     6 ||    10
         Trog's Hand       |       |       |       |     1 |     3 |     1 |     2 |     7 |     5 ||    19
  Evoke: Wand              |       |       |       |       |     5 |     5 |     1 |       |       ||    11
         Phantom mirror    |       |       |       |       |       |     1 |       |       |       ||     1
    Use: Scroll            |       |       |     8 |    17 |    14 |     9 |    14 |    14 |     9 ||    85
         Potion            |       |       |       |     4 |    11 |     3 |     7 |    11 |     3 ||    39
   Stab: Sleeping          |     1 |       |       |       |       |       |       |       |       ||     1
         Distracted        |       |       |       |     1 |     2 |     1 |     2 |     5 |     1 ||    12
         Invisible         |       |       |       |       |       |       |       |    23 |       ||    23
 Armour: Animal skin       |    31 |     2 |       |       |       |       |       |       |       ||    33
         Ring mail         |       |    22 |    88 |       |       |       |       |       |       ||   110
         Chain mail        |       |       |    31 |   248 |   499 |   662 |   452 |   404 |       ||  2296
         Leather armour    |       |       |    15 |       |       |       |       |       |       ||    15
         Skin              |       |       |       |       |       |     3 |       |       |       ||     3
         Gold dragon scale |       |       |       |       |       |       |       |   457 |   802 ||  1259
  Dodge: Dodged            |    67 |    42 |   169 |   209 |   575 |   742 |   627 |   940 |   482 ||  3853
         Repelled          |       |       |       |       |       |       |       |       |    37 ||    37

Table legend: (Time is in decaauts)
 A = Elapsed time spent in this place.
 B = Non-inter-level travel time spent in this place.
 C = Inter-level travel time spent in this place.
 D = Time resting spent in this place.
 E = Time spent auto-exploring this place.
 F = Levels seen in this place.
 G = Mean time per level.
                   A        B        C        D        E       F      G
               +--------+--------+--------+--------+--------+-----+--------+
         Total |  78905 |  70343 |   8562 |  17907 |  34964 |  60 | 1315.1 |
       Dungeon |  20543 |  17330 |   3213 |   4641 |   9218 |  15 | 1369.5 |
        Temple |    249 |    248 |      1 |      0 |    241 |   1 |  249.0 |
          Lair |   9920 |   8756 |   1164 |   3050 |   4071 |   5 | 1984.0 |
         Swamp |   5371 |   4839 |    532 |   1010 |   2523 |   4 | 1342.8 |
     Snake Pit |   6738 |   5997 |    741 |   1630 |   2982 |   4 | 1684.5 |
    Slime Pits |   1825 |   1641 |    184 |    394 |    562 |   5 |  365.0 |
  Orcish Mines |   2813 |   2631 |    182 |    642 |   1345 |   2 | 1406.5 |
   Elven Halls |   5389 |   5020 |    369 |   1491 |   1929 |   3 | 1796.3 |
        Vaults |   9025 |   8010 |   1015 |   1083 |   4641 |   5 | 1805.0 |
        Depths |   6021 |   5493 |    528 |   1326 |   2831 |   4 | 1505.2 |
           Zot |   7641 |   7015 |    626 |   1624 |   3542 |   5 | 1528.2 |
        Bazaar |    833 |    833 |      0 |      0 |    659 |   3 |  277.7 |
         Sewer |    164 |    164 |      0 |     49 |     29 |   1 |  164.0 |
        Bailey |    454 |    454 |      0 |    170 |      0 |   1 |  454.0 |
      Ice Cave |   1042 |   1042 |      0 |    413 |    236 |   1 | 1042.0 |
      Gauntlet |    870 |    870 |      0 |    379 |    153 |   1 |  870.0 |
               +--------+--------+--------+--------+--------+-----+--------+

Top non-repeatable levels by time:
   Elf:3: 2620 daAuts
  Lair:4: 2579 daAuts
    D:13: 2492 daAuts
 Snake:3: 2434 daAuts
Depths:2: 2379 daAuts
  Lair:5: 2335 daAuts
     D:8: 2290 daAuts
Vaults:4: 2110 daAuts
 Snake:1: 2030 daAuts
   Orc:2: 2014 daAuts
    D:14: 1877 daAuts
  Lair:3: 1848 daAuts
   Elf:2: 1827 daAuts
Vaults:1: 1805 daAuts
Vaults:2: 1795 daAuts
